 Dungeon Crawl Stone Soup version 0.31-a0-188-g5e087ee2ca (webtiles) character file.

Game seed: 4552768616146861286

101 qw the Shooter (level 4, -3/25 HPs)
             Began as a Deep Elf Hunter on June 23, 2023.
             Slain by a hobgoblin
             ... wielding a +0 whip
             ... led by Robin
              (6 damage)
             ... on level 3 of the Dungeon.
             The game lasted 00:00:45 (1582 turns).

qw the Shooter (Deep Elf Hunter)                    Turns: 1582, Time: 00:00:46

Health: -3/25      AC:  5    Str: 10    XL:     4   Next: 48%
Magic:  6/6        EV: 11    Int: 14    God:
Gold:   98         SH:  0    Dex: 18    Spells: 3/3 levels left

rFire   . . .        Y - +0 shortbow
rCold   . . .        (shield currently unavailable)
rNeg    . . .        d - +0 ring mail
rPois   .            (no helmet)
rElec   .            (no cloak)
rCorr   .            (no gloves)
SInv    +            (no boots)
Will    .....        (no amulet)
Stlth   +            h - ring of see invisible
HPRegen 0.24/turn    (no ring)
MPRegen 0.10/turn

%: no passive effects
@: no status effects
A: no striking features
a: no special abilities


You were on level 3 of the Dungeon.
You visited 1 branch of the dungeon, and saw 3 of its levels.

You collected 98 gold pieces.


   Skills:
 - Level 1.5 Fighting
 + Level 7.9 Ranged Weapons
 - Level 2.4 Dodging
 - Level 1.2 Stealth


You had 3 spell levels left.
You didn't know any spells.
Your spell library was empty.

Inventory:

Hand Weapons
 Y - a +0 shortbow (weapon)
Armour
 d - a +0 ring mail (worn)
Jewellery
 h - a ring of see invisible (left hand)
Potions
 b - a potion of lignification {unknown}
 c - a potion of heal wounds {unknown}
 e - a potion of resistance {unknown}
 f - a potion of attraction {unknown}
 g - a potion of berserk rage {unknown}

Dungeon Overview and Level Annotations

Branches:
Dungeon (3/15)

Altars:

Annotations:
D:3 Robin


Message History

You shoot an arrow. The arrow closely misses Robin.
You shoot an arrow.
The arrow hits Robin but does no damage.
Robin's horned helmet rattles.
Robin closely misses you.
You shoot an arrow. The arrow barely misses Robin.
Robin hits you with a +0 short sword.
You shoot an arrow. The arrow closely misses Robin.
Robin throws the goblin at you! The hobgoblin barely misses you.
Robin roars a battlecry!
The goblin goes into a battle-frenzy!
A hobgoblin comes into view.
The goblin hits you but does no damage.
You shoot an arrow. The arrow hits Robin.
Robin is lightly wounded.
The goblin hits you with a +0 dagger. The hobgoblin closely misses you.
Robin says, "A pitiful Elf like you will never find the ORB!"
Robin hits you with a +0 short sword.
You shoot an arrow. The arrow hits Robin.
Robin is heavily wounded.
The goblin hits you but does no damage. The hobgoblin barely misses you.
Robin barely misses you.
You shoot an arrow. The arrow barely misses Robin.
The goblin hits you with a +0 dagger. The hobgoblin barely misses you.
The hobgoblin hits you with a +0 whip. Robin barely misses you.
You shoot an arrow. The arrow hits Robin.
Robin is heavily wounded.
The goblin misses you. The hobgoblin misses you. The hobgoblin hits you.
Robin says, "We wiped out the hill dwarves - you're next!"
Robin hits you with a +0 short sword.
You shoot an arrow. The arrow hits Robin.
Robin is almost dead.
The goblin barely misses you.
The hobgoblin hits you but does no damage.
The hobgoblin barely misses you. Robin hits you with a +0 short sword.
You shoot an arrow. The arrow hits Robin.
Robin is almost dead.
The goblin closely misses you. The hobgoblin barely misses you.
Robin closely misses you. The hobgoblin hits you with a +0 whip.
You die...

.<#..# ## .....
.. ......?#.#
..........#
......)..[#
...... %..######
......##gg)).)..
.......#@#
.......gg#######
.......)....>...
........########
.......<.#
...............
##########.....
..... ####


You could see Robin, 2 hobgoblins and a goblin (strong).

Vanquished Creatures
  3 adders (D:2)
  A worm (D:2)
  3 dart slugs
  7 ball pythons
  4 endoplasms
  A giant cockroach (D:1)
  10 hobgoblins
  A quokka (D:2)
  3 bats
  4 frilled lizards
  9 goblins
  8 kobolds
  8 rats
62 creatures vanquished.

Notes
Turn   | Place    | Note
-------+----------+-------------------------------------------
     0 | D:1      | qw the Deep Elf Hunter began the quest for the Orb.
     0 | D:1      | Reached XP level 1. HP: 12/12 MP: 3/3
     0 | D:1      | 0 ||| qw: Version: 0.3-a-9-g12657ce
     0 | D:1      | 0 ||| qw: Game counter: 3736
     0 | D:1      | 0 ||| qw: Always use a shield: true
     0 | D:1      | 0 ||| qw: God list: Okawaru
     0 | D:1      | 0 ||| qw: Allow faded altars: false
     0 | D:1      | 0 ||| qw: Do Orc after D:15 true
     0 | D:1      | 0 ||| qw: Do second Lair branch before Depths: true
     0 | D:1      | 0 ||| qw: Lair rune preference: random
     0 | D:1      | 0 ||| qw: Plans: Normal
     0 | D:1      | 0 ||| PLANNING D:1-11
   169 | D:1      | Reached XP level 2. HP: 16/16 MP: 4/4
   184 | D:1      | Reached skill level 6 in Ranged Weapons
   408 | D:1      | Found a faded altar of an unknown god.
   695 | D:1      | 695 ||| UPGRADING to +0 ring mail.
   705 | D:1      | 705 ||| DROPPING +0 leather armour.
   706 | D:1      | 706 ||| DROPPING scroll of butterflies.
   746 | D:2      | Reached XP level 3. HP: 20/20 MP: 5/5
   859 | D:2      | Reached skill level 7 in Ranged Weapons
   987 | D:2      | 987 ||| FLEEEEING.
  1065 | D:2      | 1065 ||| FLEEEEING.
  1073 | D:2      | 1073 ||| FLEEEEING.
  1079 | D:2      | 1079 ||| FLEEEEING.
  1080 | D:2      | 1080 ||| FLEEEEING.
  1081 | D:2      | 1081 ||| FLEEEEING.
  1082 | D:2      | 1082 ||| FLEEEEING.
  1083 | D:2      | 1083 ||| FLEEEEING.
  1084 | D:2      | 1084 ||| STAIRDANCE
  1105 | D:2      | Reached XP level 4. HP: 25/25 MP: 6/6
  1503 | D:2      | 1503 ||| UPGRADING to ring of see invisible.
  1504 | D:2      | 1504 ||| READING scroll labelled LINIOD QUHAOSY.
  1544 | D:3      | 1544 ||| FLEEEEING.
  1545 | D:3      | 1545 ||| STAIRDANCE
  1566 | D:3      | Noticed Robin
  1581 | D:3      | HP: 3/25 [Robin/+0 short sword (4)]
  1582 | D:3      | Slain by a hobgoblin

Levels and vault maps discovered:
D:1:      elethiomel_arrival_infinity_welcomes_careful_drivers, layout_basic,
          ebering_ecumenical_altar_petrified
D:2:      minmay_evil_eye, layout_loops_ring, minmay_bisected
D:3:      wander_river, layout_rooms, trog_wizard, uniq_robin

Skill      XL: |  1  2  3 |
---------------+----------+-----
Ranged Weapons | 6 7 |  7.9
Fighting       | |  1.5
Dodging        | |  2.4
Stealth        | |  1.2

Action                     |  1- 3 |  4- 6 || total
---------------------------+-------+-------++-------
   Fire: Shortbow          |   120 |    65 ||   185
    Use: Scroll            |       |     1 ||     1
 Armour: Leather armour    |     4 |       ||     4
         Ring mail         |    17 |     7 ||    24
  Dodge: Dodged            |    27 |    19 ||    46

Table legend:
 A = Non-vault XP
 B = Vault XP
 C = Vault XP percentage of total XP
 D = Non-vault monster count
 E = Vault monster count
 F = Vault count percentage of total count
                 A         B        C        D         E       F
            +---------+---------+-------+---------+---------+-------
      Total |     119 |      26 |  17.9 |      48 |      14 |  22.6
            +---------+---------+-------+---------+---------+-------
        D:1 |      37 |       0 |   0.0 |      23 |       0 |   0.0
        D:2 |      81 |      12 |  12.9 |      24 |       7 |  22.6
        D:3 |       1 |      14 |  93.3 |       1 |       7 |  87.5
            +---------+---------+-------+---------+---------+-------
